 Dungeon Crawl Stone Soup version 0.23.2 (webtiles) character file.

Game seed: 11581058249067479619

11 Borgoz the Sneak (level 2, -3/19 (22) HPs)
             Began as a Ghoul Enchanter on Apr 4, 2019.
             Slain by a worm (12 damage)
             ... on level 2 of the Dungeon.
             The game lasted 00:01:22 (1354 turns).

Borgoz the Sneak (Ghoul Enchanter)                  Turns: 1354, Time: 00:01:23

HP:   -3/19 (22)    AC:  2    Str: 11    XL:     2   Next: 29%
MP:   3/3           EV: 12    Int: 13    God:
Gold: 74            SH:  0    Dex:  9    Spells: 3/4 levels left

rFire    . . .     SeeInvis .   h - +2 short sword (speed)
rCold    + . .     Gourm    .   (no shield)
rNeg     + + +     Faith    .   b - +0 robe
rPois    ∞         Spirit   .   (no helmet)
rElec    .         Reflect  .   (no cloak)
rCorr    .         Harm     .   (no gloves)
MR       .....                  (no boots)
Stlth    ++........             (no amulet)
HPRegen  0.00/turn              c - +3 ring of intelligence
MPRegen  0.08/turn              (no ring)

@: rotting
A: rotting body, claws 1, carnivore, cold resistance 1, negative energy
resistance 3, inhibited regeneration, torment resistance, unbreathing
a: no special abilities


You were on level 2 of the Dungeon.
You were not hungry.

You visited 1 branch of the dungeon, and saw 2 of its levels.

You collected 74 gold pieces.

Inventory:

Hand Weapons
 h - a +2 short sword of speed (weapon)
Armour
 b - a +0 robe (worn)
Jewellery
 c - a +3 ring of intelligence (left claw)
 f - a +2 ring of evasion {unknown}
 i - a +3 ring of intelligence
Scrolls
 a - a scroll of remove curse {unknown}
 e - 2 scrolls of identify {unknown}
 g - 2 scrolls of teleportation {unknown}
 l - a scroll of amnesia {unknown}
 m - a scroll of immolation {unknown}
Potions
 j - a potion of might {unknown}
 k - a potion of heal wounds
Comestibles
 d - a ration


   Skills:
 + Level 0.3 Fighting
 * Level 1.2 Short Blades
 * Level 0.8 Armour
 * Level 2.0 Dodging
 - Level 3.2 Stealth
 - Level 1.7 Spellcasting
 - Level 2.4 Hexes


You had 3 spell levels left.
You knew the following spells:

 Your Spells              Type           Power        Failure   Level  Hunger
a - Corona                Hex            #......      10%         1    ##.....

Your spell library contained the following spells:

 Spells                   Type           Power        Failure   Level  Hunger
 Ensorcelled Hibernation  Hex/Ice        #.....       24%         2    ###....
 Confuse                  Hex            #.......     28%         3    ####...
 Tukima's Dance           Hex            #.......     28%         3    ####...
 Dazzling Spray           Conj/Hex       #.....       43%         3    ####...


Dungeon Overview and Level Annotations

Branches:
Dungeon (2/15)

Altars:


Innate Abilities, Weirdness & Mutations

Your body is rotting away.
You thrive on raw meat.
You are immune to poison.
You have sharp fingernails.
You are carnivorous and can eat meat at any time.
Your flesh is cold resistant. (rC+)
You are immune to negative energy. (rN+++)
You do not regenerate when monsters are visible.
You are immune to unholy pain and torment.
You can survive without breathing.


Message History

You barely miss the worm.
The worm is moderately wounded.
The worm closely misses you.
You hit the worm.
The worm is moderately wounded.
You hit the worm.
The worm is heavily wounded.
The worm bites you.
You are too injured to fight recklessly!
You are too injured to fight recklessly!
You are too injured to fight recklessly!
You hit the worm.
The worm is heavily wounded.
You barely miss the worm.
The worm is heavily wounded.
You hit the worm.
The worm is almost dead.
The worm bites you!
Ouch! That really hurt!
You die...

### #.###########.##
#..w@...>.#.#.#######
#.########..###......#
#.#.#.#####.#
#........÷...
####.######## ####.#
## ####....## #.
#....<...# #.
#######........# ##.


You could see a worm.

Vanquished Creatures
  A ball python (D:2)
  A bat (D:1)
  A giant cockroach (D:1)
  A goblin (D:1)
  4 kobolds (D:1)
  3 rats
11 creatures vanquished.

Notes
Turn   | Place    | Note
-------+----------+-------------------------------------------
     0 | D:1      | Borgoz the Ghoul Enchanter began the quest for the Orb.
     0 | D:1      | Reached XP level 1. HP: 14/14 MP: 2/2
   224 | D:1      | Reached skill level 1 in Short Blades
   331 | D:1      | Reached XP level 2. HP: 18/20 MP: 3/3
  1354 | D:2      | Slain by a worm

Skill      XL: |  1 |
---------------+----+-----
Short Blades   | 1 |  1.2
Dodging        | 2 |  2.0
Fighting       | |  0.3
Armour         | |  0.8
Stealth        | |  3.2
Spellcasting   | |  1.7
Hexes          | |  2.4

Action                   || total
-------------------------++-------
Melee: Dagger            ||    25
       Short sword       ||    16
 Cast: Corona            ||     1
  Use: Potion            ||     1
 Stab: Sleeping          ||     3
  Eat: Chunk             ||     1
Armor: Robe              ||     2
Dodge: Dodged            ||    15
